 Dungeon Crawl Stone Soup version 0.31-a0-233-g139696dc86 (webtiles) character file.

Game seed: 5841347759718206893

476 Morbidden the Covered (level 6, -2/54 HPs)
             Began as an Armataur Fighter on July 8, 2023.
             Slain by an iguana (7 damage)
             ... on level 4 of the Dungeon.
             The game lasted 00:03:23 (3239 turns).

Morbidden the Covered (Armataur Fighter)            Turns: 3239, Time: 00:03:23

Health: -2/54      AC: 11    Str: 21    XL:     6   Next: 85%
Magic:  8/8        EV:  4    Int: 10    God:
Gold:   86         SH:  0    Dex: 10    Spells: 7/7 levels left

rFire   . . .        b - +4 whip
rCold   . . .        c - +0 buckler
rNeg    . . .        t - +0 plate armour
rPois   .            (no helmet)
rElec   .            i - +0 cloak
rCorr   .            (no gloves)
SInv    .            (no barding)
Will    .....        (no amulet) Stlth
                     (no ring)
HPRegen 0.29/turn    (no ring)
MPRegen 0.11/turn

%: roll
@: confused
A: large, rugged brown scales 3, deformed body, armoured tail, roll, long
tongue, awkward tongue
a: no special abilities


You were on level 4 of the Dungeon.
You visited 1 branch of the dungeon, and saw 4 of its levels.

You collected 119 gold pieces.
You spent 33 gold pieces at shops.

Inventory:

Hand Weapons
 a - a +0 war axe
 b - a +4 whip (weapon)
Armour
 c - a +0 buckler (worn)
 i - a +0 cloak (worn)
 t - a +0 plate armour (worn)
 u - a +1 ring mail of poison resistance
Scrolls
 h - 2 scrolls of fear {unknown}
 j - 3 scrolls of immolation {unknown}
 l - a scroll of enchant weapon {unknown}
 m - 4 scrolls of teleportation
 n - 3 scrolls of poison {unknown}
 p - 4 scrolls of identify {unknown}
 s - a scroll of amnesia {unknown}
Potions
 d - a potion of might
 e - 2 potions of haste {unknown}
 f - 2 potions of brilliance {unknown}
 g - a potion of heal wounds {unknown}
 k - a potion of attraction {unknown}
 o - 2 potions of lignification {unknown}
 q - 2 potions of curing {unknown}
 r - a potion of enlightenment {unknown}
 v - 2 potions of mutation {unknown}


   Skills:
 * Level 3.3 Fighting
 * Level 2.5(3.2) Axes
 * Level 3.1(3.7) Maces & Flails
 * Level 5.2 Armour
 * Level 1.2 Dodging
 * Level 4.3 Shields
 * Level 1.4 Spellcasting


You had 7 spell levels left.
You didn't know any spells.
Your spell library contained the following spells:

 Spells                   Type           Power      Damage    Failure   Level
 Apportation              Tloc           0%         N/A       100%        1
 Necrotise                Necr           0%         1d4       100%        1
 Summon Small Mammal      Summ           0%         N/A       100%        1


Dungeon Overview and Level Annotations

Branches:
Dungeon (4/15)
 Temple: D:4-7

Altars:

Shops:
D:1 *

Annotations:
D:3 2 transporters, Pelmen's ghost, amateur MfGl


Innate Abilities, Weirdness & Mutations

You are completely covered in rugged brown scales. (AC +3, +7% HP)
Armour fits poorly on your strangely shaped body.
You have a long armoured tail.
You roll when moving toward enemies. (Rampage)
Your long tongue fully drains potion bottles. (2x potion effects)
Your tongue gives you trouble enunciating. (1.5x scroll delay)


Message History

The iguana hisses angrily.
You roll towards the jackal!
You hit the jackal.
The jackal is almost dead.
The jackal bites you but does no damage.
You closely miss the jackal.
Your tail-slap misses the jackal.
The jackal is almost dead.
The jackal bites you but does no damage.
You hit the jackal.
You kill the jackal!
You whack the iguana!
The iguana is heavily wounded.
The iguana bites you but does no damage.
The iguana bites you!
You hit the iguana but do no damage.
The iguana is heavily wounded.
The iguana bites you but does no damage.
The orc wizard points at you and mumbles some strange words.
You are confused.
The iguana bites you.
You are too confused!
You are too confused!
The iguana attacks as you move away! The iguana bites you!
The iguana bites you.
The orc wizard gestures at you while chanting.
The puff of flame hits you.
You hit the iguana.
Your tail-slap misses the iguana.
The iguana is lightly wounded.
The iguana barely misses you.
The iguana bites you but does no damage.
You hit the iguana but do no damage.
The iguana is heavily wounded.
The iguana bites you!
* * * LOW HITPOINT WARNING * * *
The orc wizard gestures at you while chanting.
You are more confused.
The iguana barely misses you.
You bump into the rock wall.
The iguana bites you!
* * * LOW HITPOINT WARNING * * *
The iguana bites you!
You die...

# #...# #.# ######.).#
#.# ....##...# #.#
....###)## ###.#######
....###)# #...:...oo.
......#.# #.#o#######
.#....#.# #.#.#
.#.#..#.# #.#o########
.#.#....# #...@.......
.#.##...# #..ll.......
.#.##...# #..†........
##.##..... #...........
..##.#.###.............
..... .............^
####.####.#####.#####
.. .. .# ##. .#


You could see 2 iguanas and 2 orc wizards.

Vanquished Creatures
  A phantom (D:4)
  2 orc priests
  A gnoll bouda (D:4)
  A hound (D:4)
  Natasha (thrice) (D:3)
  6 gnolls
  5 adders
  3 worms
  4 dart slugs
  7 orcs
  5 ball pythons
  4 bats
  7 endoplasms
  4 giant cockroaches
  12 hobgoblins
  5 jackals (D:4)
  3 quokkas
  2 frilled lizards (D:1)
  3 goblins (D:1)
  8 kobolds
  4 rats
90 creatures vanquished.

Notes
Turn   | Place    | Note
-------+----------+-------------------------------------------
     0 | D:1      | Morbidden the Armataur Fighter began the quest for the Orb.
     0 | D:1      | Reached XP level 1. HP: 19/19 MP: 1/1
   112 | D:1      | Reached XP level 2. HP: 26/26 MP: 2/2
   166 | D:1      | Reached skill level 4 in Armour
   432 | D:1      | Reached XP level 3. HP: 32/32 MP: 3/3
   671 | D:1      | Found Jaffihie's General Store.
   684 | D:1      | Bought a scroll of teleportation for 33 gold pieces
   939 | D:2      | You fall into a shaft and drop 1 floor!
   960 | D:3      | Found a transporter.
  1120 | D:2      | Reached skill level 1 in Spellcasting
  1144 | D:2      | Reached XP level 4. HP: 20/39 MP: 5/5
  1656 | D:3      | Reached skill level 1 in Maces & Flails
  1883 | D:3      | Reached XP level 5. HP: 45/48 MP: 6/6
  1917 | D:3      | Noticed Natasha
  1924 | D:3      | Killed Natasha
  2119 | D:3      | Reached skill level 1 in Dodging
  2174 | D:3      | Noticed Natasha
  2183 | D:3      | Killed Natasha
  2196 | D:3      | Found a transporter.
  2204 | D:3      | Noticed Pelmen's ghost (amateur MfGl)
  2299 | D:3      | Noticed Natasha
  2306 | D:3      | Killed Natasha
  2566 | D:3      | Found a transporter.
  2860 | D:4      | Reached skill level 5 in Armour
  2860 | D:4      | Reached XP level 6. HP: 53/54 MP: 7/7
  3239 | D:4      | Slain by an iguana

Illustrated notes

Levels and vault maps discovered:
D:1:      dpeg_arrival_three_smaller_balls, layout_basic, serial_shops, shop,
          minmay_misc_feat_more_columns
D:2:      layout_rooms, hex_large
D:3:      layout_loops_ring, gammafunk_ghost_mausoleum, uniq_natasha
D:4:      lemuel_castle_with_subvaults [lemuel_castle_interior_carwin_1],
          layout_basic, okawaru_altar_gauntlet_db

Skill      XL: |  1  2  3  4  5  6 |
---------------+-------------------+-----
Armour         | 4 5 |  5.2
Axes           | 2 |  2.5
Spellcasting   | 1 |  1.4
Fighting       | 3 |  3.3
Maces & Flails | 1 2 3 |  3.1
Dodging        | 1 |  1.2
Shields        | 4 |  4.3

Action                     |  1- 3 |  4- 6 || total
---------------------------+-------+-------++-------
  Melee: War axe           |    92 |       ||    92
         Tailslap          |    11 |    21 ||    32
         Whip              |    20 |   178 ||   198
 Armour: Scale mail        |    25 |       ||    25
         Chain mail        |    49 |       ||    49
         Plate armour      |       |    82 ||    82
  Dodge: Dodged            |    38 |    30 ||    68
  Block: Buckler           |    19 |    30 ||    49

Table legend: (Time is in decaauts)
 A = Elapsed time spent in this place.
 B = Non-inter-level travel time spent in this place.
 C = Inter-level travel time spent in this place.
 D = Time resting spent in this place.
 E = Time spent auto-exploring this place.
 F = Levels seen in this place.
 G = Mean time per level.
                   A        B        C        D        E       F      G
               +--------+--------+--------+--------+--------+-----+--------+
         Total |   3294 |   3185 |    109 |      0 |   2583 |   4 |  823.5 |
       Dungeon |   3294 |   3185 |    109 |      0 |   2583 |   4 |  823.5 |
               +--------+--------+--------+--------+--------+-----+--------+

Top non-repeatable levels by time:
     D:3: 1372 daAuts
     D:1: 855 daAuts
     D:2: 667 daAuts
     D:4: 399 daAuts
